 Dungeon Crawl Stone Soup version 0.30-a0-989-g0d87f670db (webtiles) character file.

Game seed: 5933308126240613627

110 mopl the Cudgeller (level 5, -7/69 HPs)
             Began as a Meteoran Berserker on Apr 3, 2023.
             Was a Follower of Trog.
             Mangled by a bone dragon (11 damage)
             ... on level 1 of the Abyss.
             The game lasted 00:03:12 (651 turns).

mopl the Cudgeller (Meteoran Berserker)              Turns: 651, Time: 00:03:13

Health: -7/69      AC:  8    Str: 21    XL:     5   Next: 38%
Magic:  6/6        EV: 11    Int:  8    God:    Trog [*.....]
Gold:   38         SH:  0    Dex: 13    Spells: 4/4 levels left

rFire   + . .      SeeInvis .    a - +0 mace
rCold   + . .      Faith    .    (no shield)
rNeg    . . .      Spirit   .    c - +0 scale mail
rPois   .          Reflect  .    i - +0 helmet
rElec   .          Rampage  .    f - scarf {rC+ rF+}
rCorr   .                        (no gloves)
Will    .....                    (no boots) Stlth
                                 (no amulet)
HPRegen 0.31/turn                (no ring)
MPRegen 0.10/turn                (no ring)

@: berserking (expiring), flayed, glowing, very quick
A: sense surroundings 1, otherworldly, glowing, explore regen
a: Renounce Religion, Berserk


You were on level 1 of the Abyss.
You worshipped Trog.
Trog was aware of your devotion.
You visited 1 branch of the dungeon, and saw 3 of its levels.
You visited the Abyss 1 time.

You collected 38 gold pieces.

Inventory:

Hand Weapons
 a - a +0 mace (weapon)
Armour
 c - a +0 scale mail (worn)
 f - a scarf of resistance (worn)
 i - a +0 helmet (worn)
Scrolls
 d - a scroll of fear {unknown}
 e - 4 scrolls of identify {unknown}
 g - a scroll of blinking {unknown}
 h - a scroll of silence {unknown}
 j - a scroll of enchant armour {unknown}
Potions
 b - a potion of flight {unknown}


   Skills:
 + Level 3.9 Fighting
 * Level 5.5 Maces & Flails
 + Level 3.4 Armour
 + Level 3.3 Dodging


You had 4 spell levels left.
You didn't know any spells.
Your spell library was empty.

Dungeon Overview and Level Annotations

Branches:
Dungeon (3/15) Zot: 1190

Altars:


Innate Abilities, Weirdness & Mutations

You passively map a small area around you.
You are easily found by Zot.
You glow in the dark.
You regain HP and MP as you explore.


Message History

Found a corrupted altar of Lugonu.
You feel yourself speed up.
You recover from your berserk rage.
A flayed ghost comes into view.
A red film seems to cover your vision as you go berserk!
You feel yourself moving faster!
You feel mighty!
You can no longer call upon Trog for regeneration and willpower.
The flayed ghost cries, "Feel what I felt!"
Terrible wounds open up all over your body!
You feel a strong urge to attack something.
You miss the flayed ghost. The flayed ghost hits you!
You closely miss the flayed ghost.
The flayed ghost cries, "Feel what I felt!"
Terrible wounds spread across more of your body!
You miss the flayed ghost. You miss the flayed ghost.
The flayed ghost hits you.
You closely miss the flayed ghost. The flayed ghost barely misses you.
A small abomination comes into view.
You closely miss the flayed ghost.
A bone dragon comes into view.
You hit the bone dragon.
The bone dragon is lightly damaged.
You barely miss the bone dragon.
The bone dragon is lightly damaged.
Unknown command.
You are too berserk!
Unknown command.
You are too berserk!
You hit the bone dragon but do no damage.
The bone dragon is lightly damaged.
The bone dragon bites you!
* * * LOW HITPOINT WARNING * * *
The bone dragon claws you but does no damage.
The bone dragon barely misses you.
You hit the bone dragon but do no damage.
The bone dragon is lightly damaged.
The bone dragon barely misses you. The bone dragon claws you!
* * * LOW HITPOINT WARNING * * *
The bone dragon tramples you!
You die...

. ###. #..##..##..
..# .......##..##..#
#...... ... .......
... ..## ... .....
#...#..#..##.. #..#
## ##..#.... .##. .#
....#..#........#####
# #.W.D..#......# ...
#@....#. ##
#x######### #. .. ...
.... #...# #...


You could see a bone dragon, a flayed ghost and a small abomination.

Vanquished Creatures
  The ghost of Winter the Shield-Bearer, a weakling MiFi (D:3)
  Robin (D:2)
  An adder (D:2)
  A worm (D:3)
  A dart slug (D:1)
  2 orcs (D:3)
  3 endoplasms
  2 giant cockroaches
  5 goblins
  3 hobgoblins (D:2)
  5 jackals (D:2)
  2 ball pythons
  A frilled lizard (D:2)
  6 kobolds
  4 rats (D:1)
38 creatures vanquished.

Notes
Turn   | Place    | Note
-------+----------+-------------------------------------------
     0 | D:1      | mopl the Meteoran Berserker began the quest for the Orb.
     0 | D:1      | Reached XP level 1. HP: 19/19 MP: 2/2
    31 | D:1      | Reached XP level 2. HP: 26/26 MP: 3/3
   174 | D:2      | Reached XP level 3. HP: 31/31 MP: 4/4
   378 | D:2      | Noticed Robin
   387 | D:2      | Killed Robin
   388 | D:2      | Reached skill level 3 in Armour
   388 | D:2      | Reached skill level 3 in Dodging
   388 | D:2      | Reached XP level 4. HP: 23/40 MP: 5/5
   397 | D:2      | Reached skill level 5 in Maces & Flails
   540 | D:3      | Found a runed translucent gate.
   541 | D:3      | Found a runed translucent gate.
   541 | D:3      | Found a runed translucent gate.
   541 | D:3      | Noticed Winter's ghost (weakling MiFi)
   544 | D:3      | Reached ** piety under Trog
   547 | D:3      | Noticed a kobold brigand
   583 | D:3      | Killed Winter's ghost
   584 | D:3      | Reached XP level 5. HP: 46/46 MP: 6/6
   588 | Abyss:1  | Cast into level 1 of the Abyss (kobold brigand)
   601 | Abyss:1  | Found a corrupted altar of Lugonu.
   611 | Abyss:1  | Found a corrupted altar of Lugonu.
   636 | Abyss:1  | Noticed a flayed ghost
   646 | Abyss:1  | Noticed a small abomination
   648 | Abyss:1  | Noticed a bone dragon
   651 | Abyss:1  | Mangled by a bone dragon

Illustrated notes

Levels and vault maps discovered:
D:1:      dpeg_arrival_ratfight, layout_basic
D:2:      layout_loops_ring, grunt_decor_cap, minmay_fractal_squares_5,
          uniq_robin, uniq_natasha
D:3:      layout_loops_ring, lemuel_doored_altar,
          nicolae_overflow_hidden_temple, gammafunk_ghost_nasty_kobolds,
          minmay_fractal_squares_diagonal_5
Abyss:1:  base:
D:2

Skill      XL: |  1  2  3  4 |
---------------+-------------+-----
Armour         | 3 |  3.4
Dodging        | 3 |  3.3
Maces & Flails | 5 |  5.5
Fighting       | |  3.9

Action                     |  1- 3 |  4- 6 || total
---------------------------+-------+-------++-------
  Melee: Mace              |    71 |    70 ||   141
         Punch             |       |     1 ||     1
 Invoke: Berserk           |       |     3 ||     3
 Armour: Animal skin       |     4 |       ||     4
         Scale mail        |    38 |    22 ||    60
  Dodge: Dodged            |    35 |    16 ||    51

Table legend: (Time is in decaauts)
 A = Elapsed time spent in this place.
 B = Non-inter-level travel time spent in this place.
 C = Inter-level travel time spent in this place.
 D = Time resting spent in this place.
 E = Time spent auto-exploring this place.
 F = Levels seen in this place.
 G = Mean time per level.
                   A        B        C        D        E       F      G
               +--------+--------+--------+--------+--------+-----+--------+
         Total |    677 |    664 |     13 |      0 |      0 |   4 |  169.2 |
       Dungeon |    609 |    596 |     13 |      0 |      0 |   3 |  203.0 |
         Abyss |     68 |     68 |      0 |      0 |      0 |   1 |   68.0 |
               +--------+--------+--------+--------+--------+-----+--------+

Top non-repeatable levels by time:
     D:2: 315 daAuts
     D:3: 152 daAuts
     D:1: 141 daAuts
 Abyss:1: 68 daAuts
